Get step-by-step instructions on how to execute this build order below. Start the game timer, and the build order will tick by so you can play in parallel with StarCraft on a second screen or mobile device.

Game Time

  0:00

Last Step

  N/A

Next Step

Upcoming Step



Don't want to look back and forth between 2 screens? Try out our Overwolf App, the Spawning Tool Build Advisor to get an in-game overlay with this build!

Complete Build Order

  8  0:00  Drone  
  9  0:10  Drone  
  10  0:16  Drone  
  11  0:22  Drone  
  12  0:32  Overlord  
  12  0:42  Extractor, Drone  
  13  0:52  Drone x2  
  15  0:59  Drone  
  16  1:07  Spawning Pool  
  16  1:11  Drone  
  16  1:23  Drone  
  17  1:35  Hatchery  
  17  1:39  Extractor  
  15  1:41  Drone  
  16  1:54  Zergling x4  
  18  1:59  Queen  
  20  2:07  Overlord  
  20  2:25  Drone x3  
  23  2:35  Queen  
  25  2:38  Overlord  
  25  2:52  Metabolic Boost  
  25  2:55  Drone  
  25  2:56  Drone x2  
  25  2:58  Drone  
  28  3:05  Drone  
  29  3:07  Drone  
  29  3:08  Drone  
  29  3:12  Drone  
  31  3:20  Drone x3  
  34  3:27  Overlord  
  34  3:28  Zergling x2  
  35  3:39  Zergling x4  
  35  3:49  Hatchery  
  35  3:50  Drone  
  35  3:56  Drone x3  
  35  3:59  Overlord  
  35  4:02  Drone  
  39  4:05  Drone x2  
  39  4:09  Overlord  
  41  4:16  Overlord, Drone  
  43  4:17  Drone  
  43  4:24  Drone x2  
  45  4:27  Overlord  
  45  4:31  Queen  
  45  4:33  Zergling x4  
  45  4:37  Drone  
  50  4:42  Zergling x2  
  51  4:47  Zergling x4  
  51  4:49  Queen  
  51  4:50  Overlord  
  55  4:54  Drone  
  55  4:55  Drone  
  55  4:56  Drone  
  57  5:03  Drone x2  
  57  5:04  Queen  
  61  5:08  Zergling x2  
  61  5:10  Zergling x2  
  61  5:11  Queen  
  61  5:14  Zergling x2  
  66  5:17  Zergling x2  
  66  5:19  Zergling x2  
  68  5:21  Zergling x2  
  68  5:25  Drone  
  70  5:28  Drone  
  70  5:30  Drone  
  70  5:33  Queen  
  74  5:37  Overlord  
  74  5:41  Baneling Nest  
  72  5:45  Drone x7  
  72  5:47  Drone, Hatchery  
  72  5:48  Drone  
  74  5:53  Drone x2, Extractor  
  74  5:55  Drone  
  76  6:03  Drone x4  
  80  6:08  Zergling x4  
  80  6:10  Zergling x8  
  86  6:17  Zergling x2  
  86  6:18  Zergling x6  
  89  6:24  Drone x2  
  89  6:25  Drone  
  80  6:26  Drone  
  75  6:35  Lair  
  75  6:36  Drone x3  
  78  6:41  Extractor  
  78  6:44  Drone x3  
  78  6:46  Zergling x8  
  84  6:51  Drone x2  
  85  6:55  Drone, Evolution Chamber  
  85  6:56  Evolution Chamber  
  84  7:03  Drone x3  
  84  7:04  Overlord  
  84  7:05  Zergling x2  
  84  7:07  Overlord  
  88  7:13  Overlord  
  88  7:15  Zergling x16  
  96  7:16  Overlord x2  
  96  7:20  Overlord  
  96  7:23  Zerg Melee Weapons Level 1  
  96  7:25  Drone x3  
  99  7:30  Drone  
  99  7:36  Centrifugal Hooks  
  101  7:37  Drone x3  
  101  7:41  Zergling x18  
  110  7:50  Evolution Chamber, Drone x2  
  107  7:54  Zergling x10  
  107  7:58  Drone x2  
  102  8:06  Drone x8  
  102  8:09  Overlord  
  102  8:11  Zergling x4  
  108  8:20  Zergling x14  
  108  8:21  Baneling x11  
  108  8:25  Zergling x4  
  117  8:27  Hatchery  
  117  8:33  Zergling x18  
  121  8:38  Zergling x4  
  121  8:41  Zergling x2  
  124  8:43  Zerg Ground Armor Level 1, Zergling x2  
  124  8:45  Zergling x8  
  124  8:47  Drone x2  
  124  8:48  Drone  
  132  8:49  Overseer  
  132  8:52  Zergling x4  
  132  8:54  Zergling x4  
  136  9:00  Overlord x2  
  136  9:01  Overlord x2  
  136  9:07  Overlord  
  134  9:12  Hatchery  
  134  9:13  Baneling x2, Zergling x8  
  134  9:14  Zergling x8  
  134  9:16  Baneling x2  
  138  9:18  Zergling x2  
  138  9:22  Hydralisk Den  
  138  9:24  Drone x7  
  138  9:27  Zergling x2  
  138  9:29  Zergling x6  
  138  9:30  Zergling x2  
  138  9:31  Zergling x12  
  156  9:34  Zergling x2  
  156  9:36  Zergling x2  
  158  9:40  Zergling x6  
  158  9:41  Zerg Melee Weapons Level 2  
  158  9:43  Overlord  
  161  9:47  Drone  
  161  9:49  Overlord  
  161  9:50  Overlord  
  162  9:52  Muscular Augments  
  162  9:55  Drone x3, Extractor x2  
  162  9:56  Extractor  
  162  9:57  Drone x3  
  162  9:58  Drone x3  
  169  10:00  Zergling x10  
  169  10:06  Zergling x6  
  172  10:13  Overlord  
  172  10:15  Hydralisk x4  
  172  10:20  Zergling x4  
  182  10:26  Hydralisk x6  
  194  10:31  Overlord  
  194  10:32  Drone x2  
  194  10:33  Drone x2  
  194  10:34  Drone x2  
  200  10:38  Baneling  
  200  10:40  Zerg Ground Armor Level 2  
  200  10:44  Extractor  
  200  10:45  Extractor  
  200  10:48  Infestation Pit  
  197  10:50  Drone x2  
  197  10:51  Zergling x2  
  197  10:53  Overseer  
  197  10:56  Grooved Spines  
  200  10:57  Overseer  
  200  11:01  Overseer  
  200  11:03  Baneling x2  
  200  11:14  Pneumatized Carapace  
  200  11:25  Hive  
  200  11:26  Lurker Den, Drone  
  198  11:32  Hatchery  
  198  11:39  Hatchery  
  194  11:45  Zergling x2  
  194  11:46  Zergling x14, Hatchery  
  198  11:47  Hatchery  
  198  11:49  Zergling x10  
  164  12:04  Zergling x10  
  164  12:05  Zergling x46  
  164  12:07  Zergling x18  
  175  12:12  Hydralisk x2  
  175  12:14  Hydralisk  
  179  12:17  Hydralisk x5  
  186  12:23  Hydralisk x6  
  186  12:27  Zerg Missile Weapons Level 1  
  186  12:28  Drone x2  
  199  12:36  Overlord  
  198  12:37  Drone  
  199  12:51  Zergling x2  
  199  12:56  Baneling x4  
  199  12:57  Baneling x2, Overseer  
  199  12:58  Overseer, Hatchery  
  199  13:02  Lurker  
  199  13:04  Baneling  
  199  13:08  Nydus Network x2  
  199  13:11  Adrenal Glands, Zerg Ground Armor Level 3  
  195  13:13  Baneling  
  195  13:14  Baneling x4  
  193  13:23  Zergling x16  
  193  13:25  Zergling x2  
  199  13:31  Zergling x8  
  174  13:44  Hydralisk x9  
  174  13:45  Hydralisk x3  
  174  13:46  Zergling x26  
  177  13:49  Zergling x8  
  177  13:53  Zergling x2  
  177  13:57  Baneling x7, Hydralisk x2  
  177  13:58  Hydralisk  
  174  14:05  Zergling x10  
  174  14:07  Drone x2  
  174  14:08  Drone  
  174  14:09  Drone  
  181  14:13  Unknown  
  181  14:14  Drone x4  
  181  14:16  Drone  
  186  14:18  Overseer  
  186  14:19  Overseer  
  186  14:21  Drone  
  186  14:22  Drone x2  
  189  14:24  Drone  
  189  14:27  Drone x2  
  192  14:34  Drone x2  
  192  14:37  Lurker x6  
  193  15:02  Drone x2  
  195  15:07  Drone x3  
  195  15:08  Zergling x2  
  195  15:13  Zergling x12  
  195  15:14  Zergling x16  
  197  15:35  Zergling x26  
  197  15:40  Zergling x16  
  196  15:47  Hydralisk x9  
  185  15:50  Hydralisk x2  
  185  15:51  Hydralisk  
  183  16:03  Baneling x9, Overseer x2  
  183  16:20  Zergling x16  
  191  16:25  Zergling x10  
  191  16:26  Zergling x8  
  191  16:31  Baneling x3  
  200  16:42  Nydus Canal  
  200  16:43  Nydus Canal  
  200  16:46  Zergling x22  
  192  16:47  Hydralisk x5  
  192  16:51  Hydralisk x6  
  197  16:55  Zergling x2  
  197  16:56  Zergling x4  
  199  17:05  Zergling x12  
  180  17:14  Zergling x26  
  180  17:15  Zergling x2  
  168  17:17  Hydralisk x4  
  168  17:19  Zerg Missile Weapons Level 2  
  168  17:20  Zerg Melee Weapons Level 3  
  172  17:23  Hydralisk x3  
  172  17:24  Baneling x6  
  172  17:25  Baneling x5, Hydralisk x4  
  172  17:27  Zergling x2  
  187  17:30  Zergling x2  
  187  17:31  Zergling x2  
  187  17:32  Zergling x2  
  187  17:35  Baneling x6  
  190  17:38  Baneling x3  
  190  17:42  Zergling x8  
  190  17:43  Baneling  
  190  17:44  Baneling x2  
  194  17:45  Drone  
  195  18:02  Spire  
  188  18:07  Zergling x22  
  188  18:09  Zergling x4  
  188  18:10  Zergling x20  
  175  18:13  Hydralisk  
  175  18:17  Hydralisk x6  
  175  18:19  Hydralisk  
  186  18:20  Hydralisk  
  189  18:27  Infestor x2  
  189  18:32  Zergling x12  
  193  18:39  Nydus Canal  
  193  18:40  Nydus Canal  
  193  18:41  Drone  
  193  18:42  Drone  
  195  18:49  Baneling x8  
  194  18:59  Zergling x4  
  194  19:02  Zergling x2  
  189  19:13  Zergling x24  
  189  19:15  Zergling x14  
  176  19:20  Zergling x10  
  176  19:23  Zergling x6  
  161  19:27  Zergling x16  
  161  19:29  Overseer  
  161  19:30  Overseer  
  167  19:32  Burrow  
  167  19:33  Zergling x12  
  167  19:36  Greater Spire  
  167  19:37  Hatchery, Zergling x4  
  161  19:41  Hydralisk x2  
  159  19:56  Drone x4  
  159  19:57  Overlord, Corruptor x4  
  159  19:59  Overlord x2  
  171  20:00  Overlord  
  171  20:04  Overseer  
  171  20:05  Overseer  
  171  20:11  Zergling x2  
  172  20:16  Drone x2, Baneling  
  172  20:17  Baneling x2, Corruptor x5  
  186  20:28  Hatchery  
  177  21:16  Brood Lord x9  
  177  21:17  Corruptor x2  
  197  21:24  Zergling x6  
  200  21:27  Zerg Flyer Weapons Level 1  
  200  21:29  Zerg Missile Weapons Level 3  
  200  21:36  Zergling x12  
  200  21:37  Hatchery  
  190  21:43  Zergling x14  
  192  21:48  Brood Lord  
  194  21:59  Overseer  
  175  22:04  Hydralisk x6  
  175  22:05  Zergling x2  
  175  22:06  Zergling x2  
  153  22:13  Overseer x3  
  137  22:19  Hydralisk x6  
  145  22:27  Zergling x10  
  145  22:28  Zergling x2, Overseer  
  151  22:35  Zergling x12  
  157  22:43  Hydralisk  
  157  22:44  Hydralisk x3  
  165  22:52  Zergling x14  
  171  22:59  Hydralisk x3  
  171  23:03  Hydralisk x2  
  144  23:06  Zergling x6  
  144  23:07  Zergling x2  
  139  23:18  Infestor x2  
  131  23:20  Zergling x16  
  115  23:29  Hydralisk x5  
  125  23:38  Zergling x14  
  129  23:45  Zergling x6  
  131  23:52  Zergling x10  
  126  23:59  Infestor x3  
  132  24:05  Hydralisk x7  
  146  24:16  Zergling x2  
  146  24:17  Zergling x14  
  154  24:26  Hydralisk x5  
  154  24:27  Hydralisk x2  
  154  24:28  Hydralisk x20  
  154  24:29  Neural Parasite  
  162  24:45  Hydralisk x4  
  170  24:54  Zergling x4  
  170  24:57  Overseer  
  172  25:01  Overlord x2  
  172  25:02  Overlord x2  
  172  25:06  Extractor x2  
  170  25:14  Zergling x4  
  170  25:16  Overlord x2  
  170  25:20  Zergling x6  
  170  25:21  Zergling x12  
  184  25:22  Hydralisk x5  
  176  25:40  Infestor x5  
  176  25:42  Zergling x24  
  165  25:53  Zergling x22  
  167  26:03  Zergling x12  
  154  26:11  Zergling x2  
  154  26:12  Zergling x8  
  154  26:17  Hydralisk x2  
  144  26:24  Infestor  
  144  26:25  Infestor  
  143  26:39  Hydralisk x4  
  145  26:40  Zergling x4  
  145  26:45  Zergling x4  
  154  26:51  Zergling x6  
  147  26:55  Infestor  
  147  27:00  Infestor  
  149  27:13  Infestor  
  149  27:14  Infestor  
  143  27:19  Zergling x6  
  143  27:20  Zergling x12  
  151  27:23  Extractor  
  151  27:24  Infestor, Extractor  
  151  27:31  Overseer  
  151  27:36  Zergling x12  
  157  27:40  Zergling x6  
  150  27:51  Zergling x8  
  150  27:55  Infestor x2  
  150  27:58  Zergling x8  
  160  28:03  Zergling x6  
  164  28:16  Zergling x8  
  166  28:20  Baneling x2  
  166  28:21  Baneling x9  
  150  28:46  Zergling x20  
  146  28:52  Zergling x14  
  146  28:55  Zergling x2  
  153  29:05  Infestor x13  
  153  29:07  Baneling x10  
  153  29:12  Infestor x11  
  153  29:18  Hydralisk x2  
  157  29:25  Zergling x6  
  121  29:46  Zergling x14  
  114  29:53  Infestor  
  114  29:58  Zergling x4  
  118  30:02  Zergling x2  
  119  30:07  Hydralisk